[Event "*** Titled Tuesday Blitz"]
[Site "Chess.com"]
[Date "2019.04.02"]
[Round "2"]
[White "IMDT02"]
[Black "pultineviciuspaulius"]
[Result "1-0"]
[WhiteElo "2428"]
[BlackElo "2558"]
[TimeControl "180+2"]
[EndTime "14:19:50 PDT"]
[Termination "IMDT02 won by resignation"]

1. d4 Nf6 2. c4 e6 3. Nc3 d5 4. cxd5 exd5 5. Bg5 Be7 6. e3 O-O 7. Bd3 h6 8. Bf4 c6 9. Qc2 Bd6 10. Nge2 Bxf4 11. Nxf4 Re8 12. O-O Qd6 13. a3 Nbd7 14. Rad1 a6 15. Bf5 Nf8 16. Rfe1 Bxf5 17. Qxf5 g6 18.
Qh3 Kg7 19. Nd3 Ne4 20. Nxe4 Rxe4 21. Ne5 f6 22. f3 Rxe5 23. dxe5 fxe5 24. e4 d4 25. f4 exf4 26. e5 Qd5 27. e6 Nh7 28. Qh4 g5 29. Qh5 Qf5 30. Rxd4 Qc5 31. Qf7+ Kh8 32.
Rd1 Rf8 33. Qxb7 Rd8 34. e7 Re8 35. Kh1 Qxe7 36. Qxe7 Rxe7 37. Rd8+ Nf8 38. Rxf8+ Kg7 39. Rfd8 Kg6 40. R8d6+ Kh5 41. Rxc6 Re2 42. b4 Kg4 43. Rxh6 1-0

[Event "*** Titled Tuesday Blitz"]
[Site "Chess.com"]
[Date "2019.04.02"]
[Round "2"]
[White "pedromartinez91"]
[Black "ruvat"]
[Result "1-0"]
[WhiteElo "2501"]
[BlackElo "2301"]
[TimeControl "180+2"]
[EndTime "14:19:51 PDT"]
[Termination "pedromartinez91 won by resignation"]

1. e4 d6 2. d4 Nf6 3. Nc3 g6 4. Bg5 Bg7 5. Qd2 c6 6. f4 b5 7. Bd3 O-O 8. Nf3 Bg4 9. O-O Qb6 10.
Ne2 e5 11. c3 Nbd7 12. Kh1 Bxf3 13. Rxf3 c5 14. dxe5 dxe5 15. Raf1 c4 16. Bb1 h6 17. fxe5 hxg5 18. exf6 Nxf6 19. Qxg5 Nd7 20. Rh3 Ne5 21. Qh4 Rfe8 22. Nf4 Qd8 23. Qh7+ Kf8 24. Nxg6+ Nxg6 25. Qxg6 Qe7 26. Rh7 f6 27. e5 1-0

[Event "*** Titled Tuesday Blitz"]
[Site "Chess.com"]
[Date "2019.04.02"]
[Round "2"]
[White "ristingho"]
[Black "Zhuu96"]
[Result "0-1"]
[WhiteElo "2506"]
[BlackElo "2959"]
[TimeControl "180+2"]
[EndTime "14:19:53 PDT"]
[Termination "Zhuu96 won by resignation"]

1. d4 Nf6 2. c4 g6 3. Nc3 Bg7 4. Nf3 O-O 5. Bg5 c5 6. d5 a6 7. e4 b5 8. e5 Ng4 9. d6 Nc6 10. dxe7 Nxe7 11. Nd5 f6 12. Nxe7+ Qxe7 13. Qd5+ Kh8 14.
Qxa8 fxg5 15. Be2 Nxe5 16. O-O d5 17. Qxd5 Bb7 18. Qd1 Nxc4 19. Re1 Nxb2 20. Qc2 g4 21. Nd2 Bd4 22. Nb3 Rxf2 23. Nxd4 Rxg2+ 24. Kf1 Qe3 0-1

[Event "*** Titled Tuesday Blitz"]
[Site "Chess.com"]
[Date "2019.04.02"]
[Round "2"]
[White "albano87"]
[Black "peteseeger"]
[Result "1-0"]
[WhiteElo "2299"]
[BlackElo "2192"]
[TimeControl "180+2"]
[EndTime "14:19:57 PDT"]
[Termination "albano87 won by resignation"]

1. e4 g6 2. d4 Bg7 3. Nc3 c6 4. Bf4 d5 5. Qd2 dxe4 6. O-O-O Nf6 7. h4 h5 8. Nh3 Bf5 9. Ng5 Nbd7 10. Bc4 O-O 11.
Rhe1 Qa5 12. Kb1 Nb6 13. Bb3 Rad8 14. Be5 c5 15. Ncxe4 Qxd2 16. Nxd2 cxd4 17. Ndf3 d3 18. Bc7 dxc2+ 19. Bxc2 Rxd1+ 20. Rxd1 Nbd5 21. Bxf5 gxf5 22. Be5 e6 23. Nd4 Rd8 24. a3 Ng4 25. Bxg7 Kxg7 26.
Ngxe6+ fxe6 27. Nxe6+ Kf6 28. Nxd8 1-0

[Event "*** Titled Tuesday Blitz"]
[Site "Chess.com"]
[Date "2019.04.02"]
[Round "2"]
[White "wenx95"]
[Black "Nancy11111"]
[Result "0-1"]
[WhiteElo "2444"]
[BlackElo "2296"]
[TimeControl "180+2"]
[EndTime "14:19:58 PDT"]
[Termination "Nancy11111 won by resignation"]

1. c4 e6 2. g3 d5 3. Nf3 Nf6 4. Bg2 c6 5. O-O Bd6 6. b3 O-O 7. Bb2 Nbd7 8. d4 b6 9. Nbd2 Bb7 10. Rc1 Rc8 11. Ne5 Qc7 12. f4 Qb8 13. e4 dxe4 14.
Nxe4 Bxe5 15. fxe5 Nxe4 16. Bxe4 c5 17. Bxb7 Qxb7 18. d5 exd5 19. cxd5 Rcd8 20. Qf3 f6 21. e6 Ne5 22. Bxe5 fxe5 23. Qxf8+ Rxf8 24. Rxf8+ Kxf8 25. Rd1 Ke7 26. d6+ Kxe6 27. d7 Qxd7 0-1

[Event "*** Titled Tuesday Blitz"]
[Site "Chess.com"]
[Date "2019.04.02"]
[Round "2"]
[White "Hunninn"]
[Black "lachesisQ"]
[Result "0-1"]
[WhiteElo "2611"]
[BlackElo "3034"]
[TimeControl "180+2"]
[EndTime "14:20:09 PDT"]
[Termination "lachesisQ won by resignation"]

1. d4 Nf6 2. Nf3 g6 3. Bg5 Bg7 4. e3 O-O 5. Bd3 c5 6. c3 d6 7. Nbd2 Nc6 8. Qc2 cxd4 9. exd4 e5 10. dxe5 dxe5 11. O-O-O Qc7 12. Rhe1 Be6 13. Bc4 Nd5 14. Ne4 Ndb4 15. cxb4 Nxb4 16. Qc3 Qxc4 17. Qxc4 Bxc4 18. Be7 Nd3+ 19. Rxd3 Bxd3 20. Bxf8 Kxf8 21. Nc5 Rc8 22. Kd2 Rxc5 23. Kxd3 f5 24. Ng5 e4+ 25. Ke3 Rc2 26. Rd1 Bxb2 27. Rd7 Bc1+ 0-1

[Event "*** Titled Tuesday Blitz"]
[Site "Chess.com"]
[Date "2019.04.02"]
[Round "2"]
[White "SF-96"]
[Black "Phelathegreat"]
[Result "1-0"]
[WhiteElo "2559"]
[BlackElo "2319"]
[TimeControl "180+2"]
[EndTime "14:20:14 PDT"]
[Termination "SF-96 won by resignation"]

1. e4 e6 2. d4 d5 3. Nd2 c5 4. Ngf3 Nf6 5. exd5 Qxd5 6. Bc4 Qd8 7. dxc5 Bxc5 8. O-O O-O 9. Qe2 a6 10. Rd1 Qc7 11. Ne4 Be7 12. Bg5 Nxe4 13. Qxe4 Bd6 14. Qh4 Nc6 15. Bd3 f5 16. Bc4 b5 17. Bb3 h6 18. Bxh6 gxh6 19. Qxh6 Rf7 20. Ng5 Rg7 21. Bxe6+ Bxe6 22. Nxe6 Qf7 23. Qxg7+ Qxg7 24. Nxg7 Be5 25. Nxf5 Bxb2 26. Rab1 Bc3 27. Rd3 b4 28. h4 Ne5 29.
Rg3+ Kf7 30. Nd6+ Ke6 31. Ne4 1-0

[Event "*** Titled Tuesday Blitz"]
[Site "Chess.com"]
[Date "2019.04.02"]
[Round "2"]
[White "Kimster98"]
[Black "Andreikka"]
[Result "0-1"]
[WhiteElo "2612"]
[BlackElo "2871"]
[TimeControl "180+2"]
[EndTime "14:20:15 PDT"]
[Termination "Andreikka won by resignation"]

1. Nf3 Nf6 2. b3 d5 3. Bb2 Bf5 4. g3 e6 5. Bg2 h6 6. O-O Be7 7. c4 c6 8. d3 O-O 9. Nbd2 Bh7 10. a3 a5 11. Bc3 Na6 12. Qc1 b5 13. cxb5 cxb5 14. Qb2 Qb6 15. Bd4 Qb7 16. Ne5 Rfc8 17. Rfc1 Nc5 18. Rc2 Bf8 19. Rac1 Ncd7 20. Rxc8 Rxc8 21.
Rxc8 Qxc8 22. Ndf3 b4 23. axb4 axb4 24. Nxd7 Nxd7 25.
Ne5 Nxe5 26. Bxe5 Bf5 27. e4 dxe4 28. dxe4 Bg6 29. Bd4 Qc6 30. e5 Qc2 31. Bf1 Qd1 32. Qa1 Qxb3 33. Qa8 Qd1 34. Bc5 Bd3 35. Qxf8+ Kh7 36.
Kg2 Bxf1+ 0-1

[Event "*** Titled Tuesday Blitz"]
[Site "Chess.com"]
[Date "2019.04.02"]
[Round "2"]
[White "Dare-Dare"]
[Black "Andrew-FB00"]
[Result "1-0"]
[WhiteElo "2129"]
[BlackElo "1848"]
[TimeControl "180+2"]
[EndTime "14:20:20 PDT"]
[Termination "Dare-Dare won by resignation"]

1. Nf3 Nf6 2. c4 e6 3. Nc3 b6 4. e3 Bb7 5. Be2 Be7 6. O-O d5 7. b3 c5 8. Bb2 O-O 9. cxd5 exd5 10. d4 cxd4 11. Nxd4 Nc6 12. Ncb5 Nxd4 13. Nxd4 Rc8 14. Rc1 Qd7 15. Bf3 Rfd8 16. Qd3 Bc5 17. Nf5 Ne4 18. Nxg7 f6 19. Nh5 Qf5 20. Bxe4 dxe4 21. Qe2 Be7 22.
Ng3 Qe6 23. Bd4 Bd5 24. Qh5 Bc5 25. Nf5 Kh8 26. Qh6 1-0

[Event "*** Titled Tuesday Blitz"]
[Site "Chess.com"]
[Date "2019.04.02"]
[Round "2"]
[White "iturrizaga"]
[Black "Fy_Rakotomaharo"]
[Result "1-0"]
[WhiteElo "2867"]
[BlackElo "2617"]
[TimeControl "180+2"]
[EndTime "14:20:24 PDT"]
[Termination "iturrizaga won by resignation"]

1. c4 g6 2. g3 Nf6 3. Bg2 d5 4. cxd5 Nxd5 5. Nc3 Nb6 6. h4 h6 7. d3 Bg7 8. Be3 N8d7 9. Rc1 Nf6 10. Nf3 c6 11. Qd2 Ng4 12. Bc5 O-O 13. O-O Re8 14. Ba3 Bf5 15. Rfd1 Qd7 16. e4 Be6 17. Qe2 Rad8 18.
b3 Ne5 19. Nxe5 Bxe5 20. d4 Bxd4 21. Bc5 Bg4 22. Bf3 Bxf3 23. Qxf3 e5 24. Ne2 Bxc5 25. Rxd7 Nxd7 26. h5 b6 27. hxg6 fxg6 28. b4 Bxb4 29.
Qb3+ 1-0

[Event "*** Titled Tuesday Blitz"]
[Site "Chess.com"]
[Date "2019.04.02"]
[Round "2"]
[White "Paralinch"]
[Black "sergeikim"]
[Result "1-0"]
[WhiteElo "2809"]
[BlackElo "2571"]
[TimeControl "180+2"]
[EndTime "14:20:31 PDT"]
[Termination "Paralinch won by resignation"]

1. e4 e5 2. Nf3 Nc6 3. Nc3 Nf6 4. a3 Be7 5. Bc4 O-O 6. d3 d6 7. h3 Be6 8. Nd5 Nd7 9. Be3 Nb6 10. Ba2 Bf6 11.
Bxb6 axb6 12. Qd2 Bxd5 13. Bxd5 Qd7 14. O-O Nd8 15. c3 c6 16. Ba2 Ne6 17. g3 Nc5 18. Kg2 Rfe8 19. Rad1 d5 20. Qe2 Rad8 21. Rfe1 g6 22. Qc2 Qc7 23. exd5 cxd5 24. d4 e4 25. Nh2 Ne6 26. Ng4 Bg7 27. Qe2 f5 28. Ne3 f4 29.
Nxd5 Rxd5 30. Qxe4 Rd6 31. Qxf4 Kh8 32. Rxe6 Qc6+ 33.
d5 1-0

[Event "*** Titled Tuesday Blitz"]
[Site "Chess.com"]
[Date "2019.04.02"]
[Round "2"]
[White "FairChess_on_YouTube"]
[Black "bubacik"]
[Result "1-0"]
[WhiteElo "3058"]
[BlackElo "2608"]
[TimeControl "180+2"]
[EndTime "14:20:42 PDT"]
[Termination "FairChess_on_YouTube won on time"]

1. d4 Nf6 2. c4 e6 3. Nf3 d5 4. Nc3 c6 5. e3 Nbd7 6. Be2 dxc4 7. a4 Bd6 8. Nd2 O-O 9. Nxc4 Bc7 10. b3 Nb6 11. O-O Nfd5 12. Bb2 Qh4 13. g3 Qh3 14. Bf3 Rd8 15. Bg2 Qh6 16. Ne4 Nf6 17. Nxf6+ Qxf6 18. a5 Nxc4 19. bxc4 e5 20. a6 bxa6 21. dxe5 Bxe5 22. Bxe5 Rxd1 23. Rfxd1 Qe7 24. Bxc6 Bb7 25. Bd6 Qf6 26. Bxb7 Rd8 27. c5 h5 28. c6 Rxd6 29.
c7 1-0

[Event "*** Titled Tuesday Blitz"]
[Site "Chess.com"]
[Date "2019.04.02"]
[Round "2"]
[White "12teen"]
[Black "riconaipe"]
[Result "1-0"]
[WhiteElo "2639"]
[BlackElo "2403"]
[TimeControl "180+2"]
[EndTime "14:20:43 PDT"]
[Termination "12teen won on time"]

1. e4 c6 2. d4 d5 3. Nc3 dxe4 4.
Nxe4 Nf6 5. Ng3 h5 6. h4 Bg4 7.
f3 Qc7 8. N1e2 Bd7 9. c3 e6 10.
Ne4 Nxe4 11. fxe4 e5 12. Qc2 Be7 13. dxe5 Qxe5 14. Bf4 Qa5 15. a3 Bg4 16. O-O-O Nd7 17. Rd2 O-O-O 18. Nd4 Nc5 19. Kb1 Ne6 20. Be3 Bf6 21.
Bc4 Rhe8 22. Rc1 Nxd4 23. cxd4 Bf5 24. Bd3 Bxh4 25. d5 Bd7 26. Qb3 1-0

[Event "*** Titled Tuesday Blitz"]
[Site "Chess.com"]
[Date "2019.04.02"]
[Round "2"]
[White "GadimbayliA"]
[Black "albi1999"]
[Result "1-0"]
[WhiteElo "2794"]
[BlackElo "2631"]
[TimeControl "180+2"]
[EndTime "14:20:47 PDT"]
[Termination "GadimbayliA won by checkmate"]

1. e4 e5 2. Nf3 Nc6 3. Nc3 Nf6 4. d4 exd4 5. Nxd4 Bb4 6. Nxc6 bxc6 7. Bd3 d5 8. exd5 O-O 9. O-O Bg4 10. Be2 Bxe2 11.
Nxe2 cxd5 12. Be3 Re8 13. Nd4 Bf8 14. Nb3 Ne4 15. f3 Nd6 16. Bf2 Nc4 17. Qd4 Be7 18. Rad1 c6 19. Rfe1 Bf6 20. Qc5 Nxb2 21. Rb1 Qd7 22.
Rxe8+ Rxe8 23. Nd4 Bxd4 24. Bxd4 Nc4 25. Qxa7 Qe6 26.
Bf2 Qg6 27. Rb8 f6 28. Qa8 Rxb8 29. Qxb8+ Kf7 30. Qc7+ Kg8 31. Qxc6 Qxc2 32. Qe8# 1-0

[Event "*** Titled Tuesday Blitz"]
[Site "Chess.com"]
[Date "2019.04.02"]
[Round "2"]
[White "Davor_Rogic"]
[Black "RegZryt"]
[Result "0-1"]
[WhiteElo "2394"]
[BlackElo "2575"]
[TimeControl "180+2"]
[EndTime "14:20:47 PDT"]
[Termination "RegZryt won by resignation"]

1. e4 c5 2. Nf3 e6 3. d4 cxd4 4. Nxd4 Nf6 5. Nc3 Nc6 6. Ndb5 Bc5 7. Be2 O-O 8. O-O a6 9. Nd6 Qe7 10. Bf4 Ne8 11. e5 Nxd6 12. exd6 Qf6 13. Bg3 Qd8 14. Na4 Ba7 15. c4 b6 16. Kh1 Bb7 17. f4 b5 18.
cxb5 axb5 19. Bxb5 Nd4 20. Bd3 Qa5 21. b3 Nf5 22.
Bxf5 Qxf5 23. Qe2 Bd4 24. Rac1 Ba6 25. Qd2 Bxf1 26. Qxd4 Bb5 27. Nb6 Rxa2 28. Bf2 Rc2 29. Ra1 Bc6 30. Kg1 Qg4 0-1

[Event "*** Titled Tuesday Blitz"]
[Site "Chess.com"]
[Date "2019.04.02"]
[Round "2"]
[White "SabinaFoisor"]
[Black "Kawhi_Leonard2"]
[Result "0-1"]
[WhiteElo "2228"]
[BlackElo "2213"]
[TimeControl "180+2"]
[EndTime "14:20:48 PDT"]
[Termination "Kawhi_Leonard2 won by resignation"]

1. d4 Nf6 2. Nf3 e6 3. Bf4 d5 4. e3 Bd6 5. Bg3 O-O 6. Nbd2 c5 7. c3 Nc6 8. Bd3 b6 9. O-O Bb7 10. Qe2 Re8 11. Ne5 Qc7 12. f4 Ne7 13. Bh4 Ne4 14.
Bxe7 Qxe7 15. Nxe4 dxe4 16. Bc2 a6 17. Nc4 Bc7 18.
f5 exf5 19. Rxf5 g6 20. Rf2 b5 21. Nd2 cxd4 22. cxd4 f5 23. g4 f4 24. Re1 f3 25. Qf1 Qg5 26. Kh1 Qxg4 27. Qg1 Qh4 28. Nf1 Bd5 29. Bb3 Rad8 30. Ng3 Bxb3 31. axb3 Rc8 32. Rc1 Bxg3 33. Rc7 0-1

[Event "*** Titled Tuesday Blitz"]
[Site "Chess.com"]
[Date "2019.04.02"]
[Round "2"]
[White "penguingm1"]
[Black "viggi38"]
[Result "1-0"]
[WhiteElo "2960"]
[BlackElo "2605"]
[TimeControl "180+2"]
[EndTime "14:20:52 PDT"]
[Termination "penguingm1 won by resignation"]

1. d4 f5 2. Nf3 Nf6 3. c4 g6 4. Nc3 Bg7 5. Bf4 O-O 6. e3 d6 7. c5 h6 8. Bc4+ Kh7 9. h4 Nh5 10. Qe2 Nc6 11. O-O-O e6 12. d5 exd5 13. Nxd5 Ne5 14.
Bxe5 dxe5 15. Nb6 Qe7 16. Nxa8 Qxc5 17. Kb1 f4 18. e4 Bg4 19. Rd5 Qc6 20. Bb5 Qe6 21.
Nxc7 Qb6 22. Ne8 a6 23. Nxg7 Nxg7 24. Bc4 Rc8 25. Ng5+ 1-0

[Event "*** Titled Tuesday Blitz"]
[Site "Chess.com"]
[Date "2019.04.02"]
[Round "2"]
[White "LaughingTiger"]
[Black "MajorCoast"]
[Result "1-0"]
[WhiteElo "2166"]
[BlackElo "2048"]
[TimeControl "180+2"]
[EndTime "14:20:53 PDT"]
[Termination "LaughingTiger won on time"]

1. e4 c6 2. d4 g6 3. c3 d5 4. e5 h5 5. Nf3 Bg4 6. h3 Bxf3 7. Qxf3 Nh6 8. e6 fxe6 9. Bd3 Rg8 10. O-O Nd7 11. Re1 e5 12. dxe5 e6 13. Qg3 Kf7 14. Bg5 Qb6 15. Qf4+ Nf5 16. g4 hxg4 17.
hxg4 Be7 18. Bxe7 Kxe7 19. gxf5 gxf5+ 20. Kf1 Rg4 21. Qh6 Rag8 22. Nd2 Rg1+ 23. Ke2 Rxe1+ 24.
Rxe1 Nxe5 25. Qh7+ Kd6 26. Qxg8 Nxd3 27. Qf8+ Kd7 28. Qf7+ Kd6 29. Kxd3 Qb5+ 30. c4 dxc4+ 31. Nxc4+ Kc5 32. Re5+ 1-0

[Event "*** Titled Tuesday Blitz"]
[Site "Chess.com"]
[Date "2019.04.02"]
[Round "2"]
[White "RATNAKARAN"]
[Black "davidarenas1224"]
[Result "1-0"]
[WhiteElo "2477"]
[BlackElo "2551"]
[TimeControl "180+2"]
[EndTime "14:20:58 PDT"]
[Termination "RATNAKARAN won by checkmate"]

1. e4 e5 2. Nf3 Nc6 3. Bb5 a6 4. Ba4 Nf6 5. Qe2 b5 6. Bb3 Be7 7. d4 d6 8. c3 O-O 9. O-O Na5 10. Bc2 exd4 11. cxd4 Bb7 12. Rd1 Re8 13. e5 Nd7 14. Nc3 Nf8 15. Bf4 Nc4 16. b3 Nb6 17. Ne4 Nd5 18.
Bg5 h6 19. Bd2 Qc8 20. Ng3 dxe5 21. dxe5 Bc5 22. Bf5 Qd8 23. Rac1 Bb6 24. Be4 c6 25. Nf5 Bc7 26. Bb1 Ng6 27. Bxh6 gxh6 28. Nxh6+ Kg7 29.
Nf5+ Kg8 30. Qd2 Ndf4 31. Qb2 Qb8 32. e6 Nxe6 33. Rd7 Bc8 34. Nh6+ Kh7 35. Rxf7+ Kxh6 36. Qf6 Be5 37. Qxg6# 1-0

[Event "*** Titled Tuesday Blitz"]
[Site "Chess.com"]
[Date "2019.04.02"]
[Round "2"]
[White "51616516516"]
[Black "HiHaruka"]
[Result "1-0"]
[WhiteElo "2213"]
[BlackElo "2237"]
[TimeControl "180+2"]
[EndTime "14:21:01 PDT"]
[Termination "51616516516 won on time"]

1. c4 Nf6 2. d4 d5 3. cxd5 Nxd5 4. Nf3 e6 5. e4 Nf6 6. Nc3 Be7 7. Bd3 c5 8. d5 O-O 9. O-O exd5 10. exd5 Bg4 11. h3 Bh5 12. Bf4 Bd6 13. Bg5 h6 14.
Bh4 a6 15. Ne4 g5 16. Bg3 Bxg3 17. Nxg3 Bxf3 18. Qxf3 Nxd5 19. Rad1 Nc6 20. Nf5 Nd4 21.
Nxh6+ Kh8 22. Qh5 1-0

[Event "*** Titled Tuesday Blitz"]
[Site "Chess.com"]
[Date "2019.04.02"]
[Round "2"]
[White "Andrjywa"]
[Black "santosalberto1987"]
[Result "1-0"]
[WhiteElo "2525"]
[BlackElo "2402"]
[TimeControl "180+2"]
[EndTime "14:21:05 PDT"]
[Termination "Andrjywa won by resignation"]

1. Nf3 d5 2. g3 c6 3. Bg2 Nf6 4. O-O Bf5 5. d4 e6 6. Nh4 Be4 7. f3 Bg6 8. Nd2 Nbd7 9. e4 Be7 10. Nxg6 hxg6 11. c3 O-O 12. e5 Ne8 13. f4 c5 14. Nf3 Nb8 15. g4 Nc6 16. g5 Rc8 17. Be3 cxd4 18. Nxd4 Nxd4 19. Bxd4 a6 20. Qg4 Nc7 21.
Rf3 Nb5 22. Rh3 Nxd4 23. cxd4 Qb6 24. Qh4 Qxd4+ 25. Kh1 f5 26. gxf6 Bxf6 27. exf6 Qxf6 28.
Qg4 Rc6 29. Rf1 Qf5 30. Qh4 Rc2 31. Qh7+ Kf7 32. Rg3 Rxb2 33. Rg5 Qc2 34. f5 1-0

[Event "*** Titled Tuesday Blitz"]
[Site "Chess.com"]
[Date "2019.04.02"]
[Round "2"]
[White "Alopekos"]
[Black "David_Paravyan"]
[Result "1-0"]
[WhiteElo "2480"]
[BlackElo "2780"]
[TimeControl "180+2"]
[EndTime "14:21:07 PDT"]
[Termination "Alopekos won on time"]

1. e4 e5 2. Nf3 Nc6 3. Bb5 Nf6 4.
Nc3 Nd4 5. Nxe5 Nxb5 6. Nxb5 c6 7. Nc3 d5 8. exd5 Bd6 9. d4 O-O 10. O-O Nxd5 11. Nxd5 cxd5 12. Bf4 Bf5 13. c3 f6 14. Nd3 Bxd3 15. Bxd6 Bxf1 16. Bxf8 Bxg2 17. Bxg7 Be4 18. Bh6 Kh8 19. f3 Qg8+ 20. Kf2 Qg6 21. Bf4 Rg8 22. Bg3 Bf5 23. Qd2 h5 24. Qf4 Re8 25.
Re1 Rxe1 26. Kxe1 1-0

[Event "*** Titled Tuesday Blitz"]
[Site "Chess.com"]
[Date "2019.04.02"]
[Round "2"]
[White "TST2014"]
[Black "DiogenesSinopeus"]
[Result "0-1"]
[WhiteElo "2520"]
[BlackElo "2443"]
[TimeControl "180+2"]
[EndTime "14:21:13 PDT"]
[Termination "DiogenesSinopeus won by resignation"]

1. d4 Nf6 2. c4 e6 3. Nf3 Bb4+ 4. Nc3 Ne4 5. Qc2 f5 6. g3 b6 7. Bg2 Bb7 8. Nd2 Bxc3 9. bxc3 Nd6 10. e4 O-O 11. O-O Nc6 12. e5 Nc8 13. c5 Na5 14. Nf3 Nc4 15. Qe2 b5 16. a4 a6 17. Bg5 Ne7 18. axb5 axb5 19. Rxa8 Bxa8 20. Rb1 Bc6 21. Nd2 Bxg2 22. Kxg2 Nxd2 23. Qxd2 c6 24. Bxe7 Qxe7 25. Ra1 f4 26. gxf4 Qh4 27. Qe3 Rxf4 28. Ra8+ Kf7 29. Qg3 Rg4 30. Ra7 Rxg3+ 31. hxg3 Qe4+ 32. Kh2 Ke7 33.
Ra2 Qf3 34. Rc2 Qd3 35. Rc1 Qd2 36. Rf1 Qxc3 37. Rd1 b4 38. Kg2 b3 39. Rh1 Qc2 40.
Ra1 b2 41. Ra2 Qe4+ 0-1

[Event "*** Titled Tuesday Blitz"]
[Site "Chess.com"]
[Date "2019.04.02"]
[Round "2"]
[White "Guenplen"]
[Black "oskariot"]
[Result "1-0"]
[WhiteElo "2904"]
[BlackElo "2611"]
[TimeControl "180+2"]
[EndTime "14:21:15 PDT"]
[Termination "Guenplen won by checkmate"]

1. Nf3 g6 2. c4 Bg7 3. g3 c6 4. Bg2 d5 5. O-O Nf6 6. d4 O-O 7. Nbd2 Bf5 8. b3 a5 9. Bb2 Ne4 10. Nh4 Nxd2 11. Qxd2 Be6 12. cxd5 cxd5 13. Rfc1 Nc6 14.
Nf3 Qb6 15. e3 a4 16. bxa4 Na5 17. Bc3 Nc4 18. Qd1 Bd7 19. Qb3 Qa6 20. a5 e6 21.
Bf1 Rfc8 22. Rab1 Rc7 23. Nd2 Rac8 24. Nxc4 dxc4 25. Qb6 Qa8 26. Bg2 Bc6 27. Bxc6 bxc6 28. Qc5 Bf8 29. Qxc4 c5 30. Bb2 cxd4 31. Qxd4 Qxa5 32.
Qh8# 1-0

[Event "*** Titled Tuesday Blitz"]
[Site "Chess.com"]
[Date "2019.04.02"]
[Round "2"]
[White "MrChessSponge"]
[Black "Keures"]
[Result "1-0"]
[WhiteElo "2245"]
[BlackElo "2166"]
[TimeControl "180+2"]
[EndTime "14:21:19 PDT"]
[Termination "MrChessSponge won by resignation"]

1. d4 Nf6 2. c4 c5 3. d5 b5 4. cxb5 a6 5. Nc3 axb5 6. e4 b4 7. Nb5 d6 8. Bf4 Nbd7 9. Bc4 Nxe4 10. Qe2 f5 11. f3 Ba6 12. fxe4 Nb6 13. Nxd6+ exd6 14. Bxa6 fxe4 15. Bb5+ Kf7 16. Nh3 Qh4+ 17. Bg3 Qe7 18. O-O+ Kg8 19. Bc6 Rc8 20. Rae1 h5 21.
Qxe4 Rc7 22. Qxe7 Bxe7 23. Rxe7 Rxe7 24. Bxd6 Re2 25. Rf8+ Kh7 26. Ng5+ Kg6 27. Rxh8 Kxg5 28. Bxc5 Nc4 29. b3 Nd2 30. Re8 Ne4 31. Bxb4 Kf4 32. d6 Rxa2 33. Rxe4+ 1-0

[Event "*** Titled Tuesday Blitz"]
[Site "Chess.com"]
[Date "2019.04.02"]
[Round "2"]
[White "Bigfish1995"]
[Black "FedaMaster"]
[Result "1-0"]
[WhiteElo "2916"]
[BlackElo "2611"]
[TimeControl "180+2"]
[EndTime "14:21:20 PDT"]
[Termination "Bigfish1995 won by checkmate"]

1. e4 d5 2. exd5 Qxd5 3. Nc3 Qd6 4. d4 Nf6 5. Bc4 a6 6. Nge2 b5 7. Bf4 Qd8 8. Bb3 Bb7 9. O-O e6 10. Re1 Be7 11. Ng3 O-O 12. Nce4 Nd5 13. Bd2 Nd7 14. Nh5 N7f6 15. Neg3 c5 16. dxc5 Bxc5 17. Qe2 g6 18. Nxf6+ Qxf6 19. Ne4 Qe7 20. Nxc5 Qxc5 21. Bh6 Rfe8 22. Qf3 Qe7 23. a4 b4 24. Qg3 Qf6 25. Rab1 Rac8 26. h4 a5 27. Re5 Qe7 28. Rbe1 Qd6 29.
h5 Ne7 30. Qg5 Qc6 31. Rxe6 Nf5 32. Rxc6 Rxe1+ 33. Kh2 Bxc6 34. hxg6 hxg6 35. Qxg6+ Kh8 36. Qxf5 Rc7 37. Qf6+ Kh7 38. Qg7# 1-0

[Event "*** Titled Tuesday Blitz"]
[Site "Chess.com"]
[Date "2019.04.02"]
[Round "2"]
[White "maloy07"]
[Black "GukeshDommaraju"]
[Result "1-0"]
[WhiteElo "2829"]
[BlackElo "2626"]
[TimeControl "180+2"]
[EndTime "14:21:22 PDT"]
[Termination "maloy07 won by resignation"]

1. e4 c5 2. Nf3 Nc6 3. Nc3 e5 4. Bc4 Be7 5. d3 Nf6 6. O-O O-O 7. Bg5 d6 8. Bxf6 Bxf6 9. a3 g6 10. Nd2 Bg7 11. Nd5 Kh8 12. b4 cxb4 13. axb4 Be6 14. c3 a6 15. Ba2 Ne7 16. Nxe7 Qxe7 17. Nc4 Rad8 18. Ne3 f5 19. Bxe6 Qxe6 20. Nd5 f4 21. f3 g5 22. Qb3 g4 23. b5 axb5 24. Qxb5 Rf7 25. Ra7 gxf3 26. Rxf3 Qc8 27. c4 Rg8 28. Ra2 Bf8 29. Raf2 Qa8 30. Qb2 Qa4 31. Nxf4 Rfg7 32. Ne6 Qa7 33. Rxf8 Rxg2+ 34. Kf1 Rg1+ 35. Ke2 Re1+ 36. Kxe1 Qe3+ 37. Kd1 Qxd3+ 38. Kc1 Qxc4+ 39. Qc2 1-0

[Event "*** Titled Tuesday Blitz"]
[Site "Chess.com"]
[Date "2019.04.02"]
[Round "2"]
[White "johnathan113"]
[Black "GCamachoMartinez"]
[Result "0-1"]
[WhiteElo "2605"]
[BlackElo "2352"]
[TimeControl "180+2"]
[EndTime "14:21:23 PDT"]
[Termination "GCamachoMartinez won by resignation"]

1. e4 e5 2. Nc3 Nf6 3. f4 d5 4.
fxe5 Nxe4 5. Nf3 Bg4 6. Qe2 Nxc3 7. dxc3 c6 8. Bf4 Be7 9. O-O-O Qa5 10. Kb1 Nd7 11. h3 Bh5 12. g4 Bg6 13. Qe3 Nc5 14. Bg5 Bxg5 15. Nxg5 h6 16. Nf3 Ne6 17. Bd3 Bxd3 18. cxd3 Qb6 19. d4 O-O-O 20. g5 Qc7 21. h4 hxg5 22. Nxg5 Qe7 23. Rdf1 Nxg5 24. Qxg5 Qxg5 25.
hxg5 Rxh1 26. Rxh1 Kd7 27. Rh7 Rg8 28. Kc2 Ke6 29. Kb3 Kf5 30. Kb4 b6 31. c4 dxc4 32. Kxc4 Kxg5 33. d5 cxd5+ 34. Kxd5 Kg6 35. Rh1 Rd8+ 36.
Kc6 Rd2 37. Rb1 Kf5 38. Kb7 Rd7+ 39. Kc8 Re7 40. Rf1+ Ke6 41. Kb8 Rd7 42. b4 Kxe5 43. a4 f5 44. a5 bxa5 45. bxa5 g5 46. a6 f4 47. Rb1 g4 48. Rb7 Rd6 49. Rxa7 Rxa6 50.
Rxa6 f3 51. Rg6 Kf5 52. Rg8 Kf4 53. Rc8 f2 54. Kc7 g3 55. Kd6 g2 56. Rc4+ Kf3 57. Rc3+ Kf4 58. Rc4+ Kg3 59. Rc3+ Kh2 0-1

[Event "*** Titled Tuesday Blitz"]
[Site "Chess.com"]
[Date "2019.04.02"]
[Round "2"]
[White "jcgs1030"]
[Black "Chess_for_enjoy"]
[Result "0-1"]
[WhiteElo "2315"]
[BlackElo "2533"]
[TimeControl "180+2"]
[EndTime "14:21:23 PDT"]
[Termination "Chess_for_enjoy won by resignation"]

1. e4 e6 2. d3 d5 3. Nd2 c5 4.
Ngf3 Nf6 5. g3 Nc6 6. Bg2 Be7 7.
O-O O-O 8. Re1 b5 9. e5 Nd7 10. Nf1 a5 11. h4 a4 12. N1h2 b4 13. a3 bxa3 14. bxa3 Ba6 15. Ng4 Re8 16. h5 h6 17.
Bf4 Bf8 18. Qd2 Nd4 19. Nxd4 cxd4 20. Bf3 Rc8 21. Kg2 Qc7 22. Ra2 Qc3 23. Qd1 Rb8 24. Bd2 Qc6 25. Qa1 Qc5 26. Rb1 Rxb1 27. Qxb1 Rb8 28.
Bb4 Qa7 29. Qa1 Bb5 30. Bd1 Bc6 31. Bxf8 Kxf8 32. Rb2 Rxb2 33. Qxb2 Qc5 34. Kf1 Ke7 35. f4 Nb6 36. Nh2 Kd7 37. Nf3 Kc7 38. Nxd4 Bd7 39.
c3 f6 40. Ke1 fxe5 41. fxe5 Qe7 42. Qf2 Qxa3 43. Qf7 Qxc3+ 0-1

[Event "*** Titled Tuesday Blitz"]
[Site "Chess.com"]
[Date "2019.04.02"]
[Round "2"]
[White "IMRosen"]
[Black "KarstenHansch"]
[Result "1-0"]
[WhiteElo "2530"]
[BlackElo "2371"]
[TimeControl "180+2"]
[EndTime "14:21:24 PDT"]
[Termination "IMRosen won by resignation"]

1. d4 Nf6 2. Bf4 g6 3. Nc3 d5 4.
e3 Bg7 5. h4 c5 6. Nb5 Na6 7.
c3 cxd4 8. exd4 Bg4 9. Be2 Bxe2 10. Qxe2 O-O 11. Nf3 Rc8 12. Nxa7 Ra8 13. Nb5 Qb6 14.
O-O Ne4 15. a4 e6 16. Nd2 Nxd2 17. Qxd2 Rfc8 18. h5 Nb8 19. Rfe1 Nd7 20. Qe2 Nf6 21. hxg6 hxg6 22. Be5 Ne4 23. Bxg7 Kxg7 24. f3 Nf6 25. Qe5 Rh8 26. g4 Rxa4 27. Rxa4 Qxb5 28. Rb4 Qd3 29. g5 Qd2 30. gxf6+ Kg8 31. Qb8+ Kh7 32. Qh2+ 1-0